 Dungeon Crawl Stone Soup version 0.20.1-1-g8b1a95d (webtiles) character file.

89 Irenicus the Insei (level 4, -6/31 HPs)
             Began as an Octopode Chaos Knight on Oct 20, 2017.
             Mangled by an orc warrior
             ... wielding a cursed -2 glaive
              (17 damage)
             ... on level 3 of the Dungeon.
             The game lasted 00:04:19 (1587 turns).

Irenicus the Insei (Octopode Chaos Knight)          Turns: 1587, Time: 00:04:20

Health: -6/31      AC:  1    Str: 11    XL:     4   Next: 55%
Magic:  4/4        EV: 13    Int: 14    God:    Xom [...*..]
Gold:   151        SH:  3    Dex: 12    Spells: 3/3 levels left

rFire    . . .     SeeInvis .     - Unarmed
rCold    . . .     Gourm    .   p - +0 buckler
rNeg     . . .     Faith    .   (helmet restricted)
rPois    .         Spirit   .   (no amulet)
rElec    .         Reflect  .   (no ring)
rCorr    .         Harm     .   (no ring)
MR       .....                  (no ring)
Stlth    ++........             (no ring)
Regen    0.1/turn               (no ring)
MPRegen  0.1/turn               (no ring)
                                (no ring)
                                (no ring)

@: hasted, very quick
A: almost no armour, stealthy swim, amphibious, 8 rings, constrict 8, camouflage
1, gelatinous body 1
a: Renounce Religion


You were on level 3 of the Dungeon.
You worshipped Xom.
You were a favourite toy of Xom.
You were very hungry.

You visited 1 branch of the dungeon, and saw 3 of its levels.

You collected 151 gold pieces.

Inventory:

Armour
 p - a +0 buckler (worn)
Wands
 l - a wand of random effects (6/48)
 m - a wand of acid (0/15)
Scrolls
 b - a scroll of amnesia {unknown}
 c - 2 scrolls of recharging {unknown}
 d - a scroll of enchant weapon {unknown}
 e - a scroll of random uselessness {unknown}
 f - 5 scrolls of identify {unknown}
 g - 3 scrolls of fog {unknown}
 j - 4 scrolls of remove curse {unknown}
Potions
 h - a potion of might {unknown}
 i - a potion of lignification {unknown}
 k - a potion of flight {unknown}
 n - a potion of curing {unknown}
 o - a potion of ambrosia {unknown}
Comestibles
 a - a bread ration


   Skills:
 - Level 3.0 Fighting
 - Level 2.3 Dodging
 + Level 0.2 Shields
 - Level 5.1 Unarmed Combat


You had 3 spell levels left.
You didn't know any spells.

Dungeon Overview and Level Annotations

Branches:
Dungeon (3/15)

Altars:


Innate Abilities, Weirdness & Mutations

You cannot wear most types of armour.
You are very stealthy in the water. (Stealth+)
You are amphibious.
You can wear up to eight rings at the same time.
You can use your tentacles to constrict eight enemies at once.
Your skin changes colour to match your surroundings (Stealth+).
Your rubbery body absorbs attacks. (AC +1, EV +1)


Message History

Evoking this partially-identified wand wasted a few charges.
Evoke which item? (* to show all) (? for menu, Esc to quit)
Aiming: Random Effects (will waste charges)
Press: ? - help, Shift-Dir - straight line Evoking this partially-identified wand wasted a few charges.
Evoke which item? (* to show all) (? for menu, Esc to quit)
Aiming: Corrosive Bolt (will waste charges)
Press: ? - help, Shift-Dir - straight line Evoking this partially-identified wand wasted a few charges.
Evoke which item? (* to show all) (? for menu, Esc to quit)
Aiming: Corrosive Bolt (will waste charges)
Press: ? - help, Shift-Dir - straight line Evoking this partially-identified wand wasted a few charges.
Something hits you!
Evoke which item? (* to show all) (? for menu, Esc to quit)
Aiming: Corrosive Bolt (will waste charges)
Press: ? - help, Shift-Dir - straight line Nothing appears to happen.
Something hits you!
Ouch! That really hurt!
You die...

######## ## #......#
.###......#
5.........###########
####......5....{@...#
#..<....########.#
#.......#.. #.#
..####+#.#.### #.#
... #.#.#.#.# #.#
#...####.#...#.##.#.#
##.........#......#.#
#######.#.#.######.#
#.#.#......).#


You could see a friendly crimson imp.

Vanquished Creatures
  Crazy Yiuf (D:2)
  An ooze (D:2)
  A worm (D:1)
  2 dart slugs (D:2)
  2 leopard geckos (D:2)
  An orc (D:3)
  7 bats
  6 giant cockroaches
  7 goblins
  5 hobgoblins
  4 frilled lizards
  4 kobolds
  5 rats
46 creatures vanquished.

Notes
Turn   | Place    | Note
-------+----------+-------------------------------------------
     0 | D:1      | Irenicus the Octopode Chaos Knight began the quest for the Orb.
     0 | D:1      | Reached XP level 1. HP: 16/16 MP: 1/1
    77 | D:1      | XOM: harmless Ice miscast
   108 | D:1      | XOM: silly message
   112 | D:1      | Reached XP level 2. HP: 15/21 MP: 2/2
   279 | D:1      | XOM: harmless Summ miscast
   500 | D:1      | Reached skill level 4 in Unarmed Combat
   535 | D:1      | XOM is BORED!
   535 | D:1      | XOM: harmless Hex miscast
   640 | D:1      | Reached XP level 3. HP: 18/26 MP: 3/3
   763 | D:2      | XOM: cloud trail
   817 | D:2      | Found a runed door.
   821 | D:2      | Noticed Crazy Yiuf
   827 | D:2      | Killed Crazy Yiuf
   827 | D:2      | Reached XP level 4. HP: 7/31 MP: 4/4
   897 | D:2      | XOM: harmless Ice miscast
   949 | D:2      | XOM: potion effect (haste)
   961 | D:2      | XOM: cloud trail
  1007 | D:2      | Reached skill level 5 in Unarmed Combat
  1371 | D:2      | XOM: god gift: ruby potion {god gift}
  1529 | D:3      | Noticed an orc warrior
  1532 | D:3      | XOM: summons friendly crimson imp
  1553 | D:3      | XOM: confuse monster(s)
  1555 | D:3      | XOM: potion effect (haste)
  1564 | D:3      | XOM: summons 2 friendly demons
  1587 | D:3      | Mangled by an orc warrior

Skill      XL: |  1  2  3  4 |
---------------+-------------+-----
Unarmed Combat | 4 5 |  5.1
Fighting       | |  3.0
Dodging        | |  2.3
Shields        | |  0.2

Action                   |  1- 3 |  4- 6 || total
-------------------------+-------+-------++-------
Melee: Unarmed           |    59 |    44 ||   103
       Constrict         |    17 |    10 ||    27
       Tentacles         |     8 |     5 ||    13
       Punch             |     1 |     2 ||     3
Evoke: Wand              |       |     8 ||     8
 Stab: Sleeping          |     8 |     3 ||    11
  Eat: Chunk             |       |     1 ||     1
Armor: Skin              |     6 |     2 ||     8
Dodge: Dodged            |    39 |    22 ||    61
